 Dungeon Crawl Stone Soup version 0.27.1-15-g792fb953b9 (webtiles) character file.

Game seed: 12073422741459691419

20580 ddubois the Nimble (level 10, -6/59 HPs)
             Began as a Spriggan Delver on Nov 19, 2021.
             Was a High Priest of Ru.
             Killed from afar by an electric eel (10 damage)
             ... with a bolt of electricity
             ... on level 13 of the Dungeon.
             The game lasted 01:52:01 (23295 turns).

ddubois the Nimble (Spriggan Delver)               Turns: 23295, Time: 01:52:01

Health: -6/59      AC: 10    Str:  8    XL:     10   Next: 46%
Magic:  3/11       EV: 40    Int: 16    God:    Ru [*****.]
Gold:   348        SH:  0    Dex: 16    Spells: 4/9 levels left

rFire    . . .     SeeInvis +   a - +7 Spriggan's Knife {stab, EV+4 Stlth+}
rCold    . . .     Faith    .   (shield restricted)
rNeg     . . .     Spirit   .   J - +3 robe "Xierun" {Regen+ rCorr Archmagi}
rPois    .         Reflect  .   w - +0 hat
rElec    .         Harm     .   D - +0 cloak
rCorr    +         Rampage  .   (gloves unavailable)
Will     .....     Archmagi +   (boots unavailable)
Stlth    +++.......             h - amulet of the acrobat
HPRegen  1.19/turn              x - +4 ring of slaying
MPRegen  0.12/turn              L - +4 ring of protection

@: weak-willed, unable to drink, acrobatic, slow
A: no potions, very small, no large weapons, unfitting armour, see invisible,
speed 3, inability to drink while threatened, inability to train armour, reduced
EV 1, inexperienced 1
a: Renounce Religion, Draw Out Power, Power Leap, Apocalypse


You were on level 13 of the Dungeon.
You worshipped Ru.
Ru was extremely pleased with you.
You visited 1 branch of the dungeon, and saw 13 of its levels.
You also visited: Bailey.

You collected 788 gold pieces.
You spent 440 gold pieces at shops.

Inventory:

Hand Weapons
 a - the +7 Spriggan's Knife (weapon) {stab, EV+4 Stlth+}
   (You found it on level 10 of the Dungeon)

   It is more effective when stabbing unaware enemies, treating them as though
   they were completely helpless.
   EV:        It affects your evasion (+4).
   Stlth:     It makes you more stealthy.
 b - the +6 hand axe "Qichy" {vorpal, rPois Stlth+}
   (You found it on level 6 of the Dungeon)

   It inflicts extra damage upon your enemies.
   rPois:     It protects you from poison.
   Stlth:     It makes you more stealthy.
 s - a +3 hunting sling of flaming
 O - the +7 fustibalus "Saumarr" {venom, rCorr}
   (You bought it in a shop on level 7 of the Dungeon)

   Any ammunition fired from it poisons the flesh of those it strikes.
   rCorr:     It protects you from acid and corrosion.
Missiles
 l - 484 stones (quivered)
 o - 26 boomerangs
 p - 22 poisoned darts
 r - 125 sling bullets
 t - 258 arrows
 u - a throwing net
 z - 129 bolts
Armour
 w - a +0 hat (worn)
 D - a +0 cloak (worn)
 J - the +3 robe "Xierun" (worn) {Regen+ rCorr Archmagi}
   (You found it on level 6 of the Dungeon)

   Regen:     It increases your rate of health regeneration.
   rCorr:     It protects you from acid and corrosion.
   Archmagi:  It increases the power of your magical spells.
Magical Staves
 i - a staff of earth
 y - a staff of fire
Jewellery
 h - an amulet of the acrobat (around neck)
 x - a +4 ring of slaying (left hand)
 I - an amulet of guardian spirit
 L - a +4 ring of protection (right hand)
 N - an amulet of reflection
 P - a +4 ring of evasion
 S - a ring of ice
 V - a +4 ring of evasion
Wands
 M - a wand of acid (8)
 T - a wand of iceblast (17)
Scrolls
 c - 5 scrolls of fog
 d - a scroll of magic mapping
 e - a scroll of fear
 j - 2 scrolls of vulnerability
 n - a scroll of holy word {unknown}
 v - 3 scrolls of teleportation
 A - a scroll of enchant armour {unknown}
 C - 3 scrolls of enchant weapon
 F - a scroll of brand weapon
 G - a scroll of noise
 H - a scroll of amnesia {unknown}
Potions
 f - 2 potions of haste
 g - a potion of flight
 k - 3 potions of might
 m - a potion of resistance
 q - 5 potions of ambrosia {unknown}
 E - 2 potions of lignification
 K - 3 potions of heal wounds
 Q - 3 potions of curing {unknown}
 R - a potion of magic


   Skills:
 + Level 9.8 Fighting
 - Level 10.0 Short Blades
 - Level 6.3 Axes
 + Level 14.1 Dodging
 + Level 11.6 Stealth
 - Level 5.0 Hexes


You had 4 spell levels left.
You knew the following spells:

 Your Spells              Type           Power      Damage    Failure   Level
a - Confusing Touch       Hex            24%        N/A       10%         3
b - Slow                  Hex            24%        N/A       4%          2

Your spell library contained the following spells:

 Spells                   Type           Power      Damage    Failure   Level
 Corona                   Hex            26%        N/A       3%          1
 Animate Skeleton         Necr           0%         N/A       26%         1
 Apportation              Tloc           0%         N/A       26%         1
 Freeze                   Ice            0%         1d3       26%         1
 Summon Small Mammal      Summ           0%         N/A       26%         1
 Frozen Ramparts          Ice            0%         1d2       58%         3
 Vampiric Draining        Necr           0%         2d6       58%         3
 Hailstorm                Conj/Ice       0%         3d3       94%         4


Dungeon Overview and Level Annotations

Branches:
Dungeon (13/15)            Temple (0/1) D:6            Lair (0/6) D:8
    Orc (0/2) D:12         Bailey (visited)
 Vaults: D:13-14

Altars:
Dithmenos
Elyvilon
Gozag
Kikubaaqudgha
Makhleb
Qazlal
Ru
Uskayaw
Vehumet
Yredelemnul
Zin
The Shining One
Beogh

Shops:
D:7 (

Portals:
Trove: D:12 (give +4 storm dragon scales)

Annotations:
D:8 exclusion: fire dragon
D:13 3 runed translucent doors


Innate Abilities, Weirdness & Mutations

You cannot drink.
You are very small and have problems with some larger weapons.
You are too small for most types of armour.
You have supernaturally acute eyesight. (SInv)
You cover ground extremely quickly. (Speed+++)
You sometimes lose the ability to drink potions when taking damage.
You cannot train Armour skill.
You have somewhat slow reflexes. (EV -5)
You are somewhat inexperienced. (-2 XL)


Message History

The centaur warrior is stunned by your conviction and fails to attack.
The centaur warrior shoots an arrow.
The arrow misses you.
As you read the scroll of teleportation, it crumbles to dust.
You feel strangely unstable.
Casting: Confusing Touch (dangerous; 10% risk of failure)
Confirm with . or Enter, or press ? or * to list all spells.
Okay, then.
Unknown command.
Unknown command.
Casting: Confusing Touch (dangerous; 10% risk of failure)
Confirm with . or Enter, or press ? or * to list all spells.
Aiming: Slow (safe; 4% risk of failure)
Press: ? - help, Shift-Dir - straight line, f - deep elf pyromancer
Aim: a deep elf pyromancer, wielding a +0 long sword (blue smoke, chance to confuse on hit: 36%, chance to affect: 47%)
You feel a surge of power!
The deep elf pyromancer seems to slow down.
You carefully extract the barbed spikes from your body.
Your hands stop glowing.
You redirect the deep elf pyromancer's attack!
The deep elf pyromancer gestures wildly while chanting.
As you read the scroll of magic mapping, it crumbles to dust.
You feel aware of your surroundings.
You sensed 1 shop/portal.
Your surroundings suddenly seem different.
Splash!
An electric eel comes into view.
The electric eel begins to attack, but is stunned by your conviction!
The electric eel shoots out a bolt of lightning at you!
The bolt of electricity hits the electric eel.
The electric eel completely resists.
The bolt of electricity hits you!
* * * LOW HITPOINT WARNING * * *
You focus your inner power and illuminate the electric eel in retribution!
You redirect the electric eel's attack!
The electric eel shoots out a bolt of lightning at you!
The bolt of electricity hits the plant!
The plant begins to die.
The bolt of electricity hits you!
* * * LOW HITPOINT WARNING * * *
The electric eel shoots out a bolt of lightning at you!
The bolt of electricity hits the electric eel.
The electric eel completely resists.
The bolt of electricity hits you!
You die...

#<.....E.≈≈≈≈≈≈≈,≈≈≈≈**,
##.......♣≈≈≈≈≈≈,≈≈≈≈***
#####........♣♣♣♣≈≈≈,≈≈≈≈≈**
#......(......P♣♣≈≈≈,≈≈≈≈≈**
#.######.......≈♣♣≈≈.≈≈≈≈≈P≈
#.# ##..#...P♣♣≈≈.≈≈≈≈≈;≈ #.#
##**.#..#.♣♣♣♣≈≈.≈≈≈≈≈≈≈
#.#*#≈≈♣♣♣#..≈♣♣♣≈≈≈.≈≈≈≈≈P≈
##.#*≈≈P≈P≈≈@≈≈≈≈P;P≈.≈≈≈≈P≈≈
#..#*≈PP≈P≈≈≈P≈≈≈≈≈P≈.≈≈≈≈≈≈#
#..≈≈≈≈≈≈≈≈≈≈≈;≈≈≈≈≈≈.≈≈≈≈♣.#
#......................≈≈≈...
#..≈≈≈PP≈P≈≈P≈≈≈≈≈≈P♣..P≈....
###≈≈≈PP≈;♣♣♣♣P≈≈≈♣♣#........
*#≈≈≈≈P;≈*≈*≈♣♣♣♣ #....#...
*#≈≈♣≈≈****#♣≈≈* ####.#...
*#####* **** ###.#.


You could see 4 electric eels.

Vanquished Creatures
  Gastronok (D:10)
  A boulder beetle (D:9)
  2 centaur warriors
  A two-headed ogre (D:10)
  Urug (D:10)
  An orc high priest (Bailey)
  2 orc knights (Bailey)
  Pikel (D:7)
  2 ugly things
  3 cyclopes
  3 manticores
  Joseph (D:7)
  A gargoyle (D:10)
  A kobold demonologist (Bailey)
  4 trolls
  A meliai zombie (D:10)
  9 slime creatures
  A shadow (D:10)
  A vampire (D:10)
  A water elemental (D:13)
  A steam dragon (D:8)
  Menkaure (D:7)
  5 vampire mosquitoes
  An acid dragon (D:12)
  A swamp drake (D:12)
  7 orc warriors
  A sky beast (D:4)
  3 ice beasts
  A necrophage (D:6)
  7 centaurs
  7 ogres
  4 lemures
  2 phantoms (D:4)
  A kobold brigand (D:4)
  4 bullfrogs
  3 scorpions
  A wyvern zombie (D:6)
  2 wyvern skeletons
  7 wights
  3 killer bees (D:11)
  A howler monkey (D:6)
  2 electric eels (D:12)
  11 centaur zombies
  2 bullfrog zombies (D:6)
  A hound (D:3)
  Crazy Yiuf (D:4)
  3 gnoll shamans
  3 orc priests
  3 iron imps (D:3)
  A centaur skeleton (D:7)
  2 iguanas
  6 orc wizards
  A killer bee zombie (D:6)
  2 howler monkey zombies
  2 adders
  14 gnolls
  2 white imps
  2 worms
  53 orcs
  8 ball pythons
  7 endoplasms
  A giant cockroach (D:1)
  4 hobgoblins
  3 jackals (D:3)
  9 kobolds
  4 quokkas
  6 bats
  2 frilled lizards (D:1)
  12 goblins
  9 rats
277 creatures vanquished.

Vanquished Creatures (others)
  A bullfrog (D:8)
  2 orcs
  93 plants
96 creatures vanquished.

Grand Total: 373 creatures vanquished

Notes
Turn   | Place    | Note
-------+----------+-------------------------------------------
     0 | D:5      | ddubois the Spriggan Delver began the quest for the Orb.
     0 | D:5      | Reached XP level 1. HP: 11/11 MP: 2/2
     1 | D:5      | Found a sacrificial altar of Ru.
    15 | D:5      | Found a glowing silver altar of Zin.
    35 | D:5      | Became a worshipper of Ru the Awakened
    46 | D:5      | Noticed an ogre
    58 | D:5      | Noticed a water moccasin
    77 | D:5      | Found an opulent altar of Gozag.
   121 | D:5      | Noticed an ogre
   131 | D:5      | Noticed an ogre
   219 | D:5      | Noticed a phantom
   265 | D:4      | Reached XP level 2. HP: 16/16 MP: 3/3
   869 | D:1      | Reached skill level 3 in Dodging
  1008 | D:1      | Reached XP level 3. HP: 19/19 MP: 4/4
  1023 | D:1      | Gained mutation: You cannot train Armour skill. [Ru
                  | sacrifice]
  1023 | D:1      | Reached * piety under Ru
  4345 | D:3      | Reached XP level 4. HP: 23/23 MP: 5/5
  4357 | D:3      | Found a burning altar of Makhleb.
  4732 | D:4      | Noticed a sky beast
  4733 | D:4      | Noticed an ogre
  4734 | D:4      | Killed an ogre
  4735 | D:4      | Reached skill level 4 in Dodging
  4735 | D:4      | Reached XP level 5. HP: 28/28 MP: 6/6
  4764 | D:4      | Killed a sky beast
  4765 | D:4      | Reached XP level 6. HP: 32/32 MP: 7/7
  4795 | D:4      | Found a glowing golden altar of the Shining One.
  4799 | D:4      | Found a basalt altar of Yredelemnul.
  4802 | D:4      | Noticed a profane servitor
  5003 | D:4      | Reached skill level 5 in Dodging
  5105 | D:4      | Reached XP level 7. HP: 32/37 MP: 8/8
  5461 | D:4      | Found a runed translucent door.
  5462 | D:4      | Noticed Crazy Yiuf
  5601 | D:4      | Reached skill level 6 in Dodging
  5601 | D:4      | Reached skill level 10 in Stealth
  5873 | D:4      | Noticed an angel
  6159 | D:5      | Reached skill level 7 in Dodging
  6592 | D:3      | Reached skill level 5 in Fighting
  6592 | D:3      | Reached XP level 8. HP: 37/43 MP: 9/9
  6624 | D:3      | Gained mutation: You sometimes lose the ability to drink
                  | potions when taking damage. [Ru sacrifice]
  6624 | D:3      | Reached ** piety under Ru
  7498 | D:4      | Reached skill level 8 in Dodging
  7595 | D:4      | Killed Crazy Yiuf
  8452 | D:6      | Found a staircase to the Ecumenical Temple.
  8624 | D:6      | Reached skill level 9 in Dodging
  8774 | D:6      | Identified the +6 hand axe "Qichy" {vorpal, rPois Stlth+}
  8782 | D:6      | Found a radiant altar of Vehumet.
  8782 | D:6      | Found an ancient bone altar of Kikubaaqudgha.
  8879 | D:6      | Identified the +3 robe "Xierun" {Regen+ rCorr Archmagi}
  9679 | D:7      | Noticed Joseph
  9750 | D:7      | Found Meimab's Antique Weapon Shop.
  9780 | D:7      | Found a flagged portal.
  9785 | D:7      | Noticed Pikel
  9791 | Bailey   | Entered a bailey
  9817 | Bailey   | Noticed an orc knight
  9906 | Bailey   | Killed an orc knight
  9907 | Bailey   | Reached skill level 10 in Dodging
  9907 | Bailey   | Reached XP level 9. HP: 50/50 MP: 10/10
  9990 | Bailey   | Found an iron altar of Okawaru.
  9990 | Bailey   | Noticed an orc high priest
  9990 | Bailey   | Noticed a kobold demonologist
 10008 | Bailey   | Noticed an orc knight
 10411 | Bailey   | Killed an orc knight
 10412 | Bailey   | Reached skill level 11 in Dodging
 10604 | Bailey   | Noticed an orc knight
 10709 | Bailey   | Killed a kobold demonologist
 10752 | Bailey   | Killed an orc high priest
 10753 | Bailey   | Reached skill level 12 in Dodging
 10796 | Bailey   | Noticed an orc knight
 10827 | Bailey   | Noticed an orc knight
 10890 | D:8      | Found a staircase to the Lair.
 10896 | D:8      | Noticed a fire dragon
 10961 | D:8      | Reached XP level 10. HP: 56/56 MP: 11/11
 11058 | D:8      | Reached skill level 1 in Axes
 11133 | D:8      | Gained mutation: You are somewhat inexperienced. (-2 XL)
                  | [Ru sacrifice]
 11133 | D:8      | Reached XP level 9. HP: 52/52 MP: 10/10
 11133 | D:8      | Reached XP level 8. HP: 48/48 MP: 9/9
 11133 | D:8      | Reached *** piety under Ru
 11133 | D:8      | Reached **** piety under Ru
 11978 | D:7      | Noticed Menkaure
 11987 | D:7      | Killed Menkaure
 12284 | D:7      | Killed Pikel
 13604 | D:7      | Found Meimab's Antique Weapon Shop.
 14681 | D:9      | Noticed a cyclops
 14810 | D:9      | Reached skill level 13 in Dodging
 14970 | D:9      | Found a shadowy altar of Dithmenos.
 15038 | D:9      | Learned a level 3 spell: Confusing Touch
 15161 | D:9      | Found a stormy altar of Qazlal.
 15161 | D:9      | Found a hide-covered altar of Uskayaw.
 15214 | D:9      | Noticed a boulder beetle
 15486 | D:9      | Gained mutation: You have somewhat slow reflexes. (EV -5)
                  | [Ru sacrifice]
 15486 | D:9      | Reached ***** piety under Ru
 15602 | D:9      | Killed a cyclops
 15603 | D:9      | Reached skill level 5 in Axes
 15744 | D:9      | Killed a boulder beetle
 15745 | D:9      | Reached XP level 9. HP: 45/53 MP: 1/10
 16016 | D:9      | Found a shadowy altar of Dithmenos.
 16542 | D:10     | Entered Level 10 of the Dungeon
 16837 | D:10     | Noticed Urug
 16933 | D:10     | Noticed Gastronok
 17034 | D:10     | Found the +7 Spriggan's Knife {stab, EV+4 Stlth+}
 17108 | D:10     | Reached skill level 1 in Hexes
 17126 | D:10     | Noticed a centaur warrior
 17134 | D:10     | Killed a centaur warrior
 17156 | D:10     | Noticed a cyan ugly thing
 17166 | D:10     | Killed a cyan ugly thing
 17167 | D:10     | Reached skill level 5 in Short Blades
 17170 | D:10     | Learned a level 2 spell: Slow
 17820 | D:6      | Found a staircase to the Ecumenical Temple.
 17829 | D:6      | Found a radiant altar of Vehumet.
 17829 | D:6      | Found an ancient bone altar of Kikubaaqudgha.
 18556 | D:7      | Found Meimab's Antique Weapon Shop.
 18578 | D:7      | Reached skill level 5 in Hexes
 18866 | D:7      | Killed Joseph
 18877 | D:7      | Bought a steaming fustibalus for 440 gold pieces
 18877 | D:7      | Identified the +7 fustibalus "Saumarr" {venom, rCorr} (You
                  | bought it in a shop on level 7 of the Dungeon)
 19926 | D:10     | Killed Gastronok
 20196 | D:10     | Noticed a two-headed ogre
 20200 | D:10     | Killed a two-headed ogre
 20208 | D:10     | Found a white marble altar of Elyvilon.
 20606 | D:10     | Killed Urug
 21057 | D:10     | Found a white marble altar of Elyvilon.
 21239 | D:11     | Noticed a white ugly thing
 21372 | D:11     | Reached XP level 10. HP: 58/58 MP: 11/11
 22451 | D:12     | Reached skill level 10 in Short Blades
 22543 | D:12     | Found a staircase to the Orcish Mines.
 22794 | D:12     | Found a portal to a secret trove of treasure.
 23195 | D:13     | Noticed a centaur warrior
 23198 | D:13     | Killed a centaur warrior
 23199 | D:13     | Reached skill level 14 in Dodging
 23274 | D:13     | Found a runed translucent gate.
 23274 | D:13     | Found a runed translucent gate.
 23275 | D:13     | Found a runed translucent gate.
 23289 | D:13     | Noticed a centaur warrior
 23289 | D:13     | Noticed a two-headed ogre
 23295 | D:13     | Killed from afar by an electric eel

Illustrated notes

Levels and vault maps discovered:
D:1:      dpeg_arrival_ratfight, layout_basic, serial_rivers,
          chequers_serial_rivers_micro_c, chequers_serial_rivers_room_a,
          chequers_serial_rivers_micro_a, chequers_serial_rivers_large_a,
          chequers_serial_rivers_micro_d, chequers_serial_rivers_marsh,
          kennysheep_boxes
D:2:      layout_rooms
D:3:      layout_basic, demons_altar
D:4:      layout_cave_pools, grunt_temple_overflow_holy_war,
          kennysheep_generic_room_9, uniq_crazy_yiuf_cottage
D:5:      layout_rooms, grunt_gozag_statues,
          mainiacjoe_overflow_large_starburst, kennysheep_small_spiral
D:6:      layout_loops_ring, gammafunk_temple_overflow_pools,
          minmay_temple_entry_sparse_star, serial_rivers,
          chequers_serial_rivers_small_a, chequers_serial_rivers_micro_a,
          chequers_serial_rivers_micro_d, chequers_serial_rivers_small_b,
          chequers_serial_rivers_room_b, chequers_serial_rivers_small_3,
          grunt_ministairs_13
D:7:      layout_layer_cave, serial_shops, kennysheep_mini_moat, enter_bailey_5,
          uniq_joseph, uniq_pikel, uniq_menkaure
D:8:      layout_gridville, minmay_lair_entry_lava
D:9:      layout_loops_ring, gammafunk_temple_overflow_wave,
          mainiacjoe_overflow_six_doors_small, special_room [special_room_orc],
          nzn_sisyphean_effort
D:10:     kennysheep_blocky_room, layout_rooms, kennysheep_little_box,
          chequers_serial_rivers_micro_b, uniq_urug, uniq_gastronok
D:11:     layout_loops_ring
D:12:     layout_roguey, erik_orc_1, nicolae_trove_entry_crystal,
          chequers_big_river
D:13:     layout_big_octagon, david_vaults_1, gammafunk_ghost_necromancy,
          serial_bayou, serial_bayou_lagoon_b, serial_bayou_crossing,
          serial_bayou_lagoon_a, serial_bayou_pond_b, kennysheep_diamond

Skill      XL: |  1  2  3  4  5  6  7  8  9 10 |
---------------+-------------------------------+-----
Dodging        | 3 4 5 7 13 12 14 | 14.1
Stealth        | 8 9 10 11 | 11.6
Fighting       | 3 4 5 9 8 |  9.8
Short Blades   | 3 4 9 10 | 10.0
Axes           | 6 1 |  6.3
Hexes          | 5 |  5.0

Action                   |  1- 3 |  4- 6 |  7- 9 | 10-12 || total
-------------------------+-------+-------+-------+-------++-------
Melee: Short sword       |   205 |    42 |    83 |     2 ||   332
       Spear             |       |    19 |   243 |    14 ||   276
       Hand axe          |       |       |   222 |       ||   222
       Quarterstaff      |       |       |     3 |       ||     3
       Knife             |       |       |   159 |   155 ||   314
 Fire: Hunting sling     |       |       |   156 |       ||   156
Throw: Stone             |     6 |     2 |    40 |       ||    48
       Dart              |       |       |    74 |       ||    74
 Cast: Confusing Touch   |       |       |    11 |    10 ||    21
       Slow              |       |       |     7 |     7 ||    14
Invok: Sacrifice Durabil |     1 |       |       |       ||     1
       Apocalypse        |       |       |     2 |       ||     2
       Sacrifice Drink   |       |       |     1 |       ||     1
       Sacrifice Health  |       |       |     1 |       ||     1
       Sacrifice Experie |       |       |     1 |       ||     1
       Reject Sacrifices |       |       |       |     1 ||     1
Evoke: Wand              |       |       |     3 |       ||     3
  Use: Scroll            |       |       |     8 |     8 ||    16
       Potion            |       |       |     5 |       ||     5
 Stab: Sleeping          |    18 |    13 |    49 |    23 ||   103
       Distracted        |     1 |     1 |     4 |       ||     6
       Paralysed         |       |       |     2 |       ||     2
Armor: Robe              |    13 |     3 |    50 |    16 ||    82
       Skin              |       |       |     1 |       ||     1
Dodge: Dodged            |   128 |    31 |   471 |    98 ||   728
